 Dungeon Crawl Stone Soup version 0.29-a0-330-g52719c12eb (webtiles) character file.

Game seed: 8099976508403978175

1 Hubjo the Digger (level 1, 0/10 HPs)
             Began as a Gargoyle Earth Elementalist on Apr 13, 2022.
             Slain by a kobold
             ... wielding a +0 short sword
              (3 damage)
             ... on level 1 of the Dungeon.
             The game lasted 00:00:06 (44 turns).

Hubjo the Digger (Gargoyle Earth Elementalist)        Turns: 44, Time: 00:00:07

Health: 0/10       AC:  4    Str: 11    XL:     1   Next: 20%
Magic:  2/3        EV: 11    Int: 15    God:
Gold:   0          SH:  0    Dex: 10    Spells: 3/4 levels left

rFire   . . .      SeeInvis .   (no weapon)
rCold   . . .      Faith    .   (no shield)
rNeg    + . .      Spirit   .   b - +0 robe
rPois   ∞          Reflect  .   (no helmet)
rElec   +          Harm     .   (no cloak)
rCorr   .          Rampage  .   (no gloves)
Will    .....                   (no boots)
Stlth   ++........              (no amulet)
HPRegen 0.03/turn               (no ring)
MPRegen 0.08/turn               (no ring)

@: no status effects
A: sickness immunity, AC +2, negative energy resistance 1, electricity
resistance, torment resistance 1, petrification resistance
a: no special abilities


You were on level 1 of the Dungeon.
You visited 1 branch of the dungeon, and saw 1 of its levels.

Inventory:

Missiles
 a - 29 stones
Armour
 b - a +0 robe (worn)
Scrolls
 d - 2 scrolls of identify {unknown}
Potions
 c - a potion of magic


   Skills:
 * Level 0.1 Fighting
 - Level 1.5 Dodging
 * Level 2.2 Stealth
 + Level 2.0 Spellcasting
 + Level 0.7 Transmutations
 + Level 3.6 Earth Magic


You had 3 spell levels left.
You knew the following spells:

 Your Spells              Type           Power      Damage    Failure   Level
a - Sandblast             Erth           24%        2d8       4%          1

Your spell library contained the following spells:

 Spells                   Type           Power      Damage    Failure   Level
 Passwall                 Tmut/Erth      6%         N/A       14%         2
 Stone Arrow              Conj/Erth      14%        3d7       30%         3
 Petrify                  Tmut/Erth      8%         N/A       65%         4


Dungeon Overview and Level Annotations

Branches:
Dungeon (1/15)

Altars:


Innate Abilities, Weirdness & Mutations

You are immune to sickness and miasma.
Your stone body is resilient. (AC +2)
You are immune to poison.
You resist negative energy. (rN+)
You are resistant to electric shocks. (rElec)
You are resistant to unholy torment.
You are immune to petrification.


Message History

The jackal bites you. The endoplasm closely misses you.
The jackal barely misses you.
You hit the endoplasm.
You kill the endoplasm!
The jackal closely misses you.
You closely miss the jackal. The jackal barely misses you.
The kobold throws a stone.
The stone hits you but does no damage.
You barely miss the jackal. The jackal bites you.
A jackal comes into view.
The jackal bites you but does no damage.
The kobold throws a stone.
The stone hits you but does no damage.
You closely miss the jackal.
The jackal barks!
The jackal bites you but does no damage.
You hit the jackal but do no damage. The jackal closely misses you.
An endoplasm comes into view.
A rat comes into view.
You completely miss the kobold.
The endoplasm quivers.
A jackal comes into view.
The jackal bites you but does no damage.
The kobold closely misses you.
The jackal barks!
You hit the kobold but do no damage. The jackal barely misses you.
The jackal closely misses you. The kobold barely misses you.
You hit the kobold.
The kobold is severely wounded.
The jackal bites you but does no damage.
The jackal bites you. The jackal closely misses you.
The jackal barely misses you.
The kobold hits you with a +0 short sword.
* * * LOW HITPOINT WARNING * * *
Casting: Sandblast (safe; 4% risk of failure)
Confirm with . or Enter, or press ? or * to list all spells.
Aiming: Sandblast (safe; 4% risk of failure)
Press: ? - help, Shift-Dir - straight line, f - jackal
Aim: a jackal (74% to hit)
The blast of sand misses the jackal.
The jackal bites you but does no damage.
The kobold hits you with a +0 short sword.
You die...

. #..... ..
#....####### ...#
+...........
#....######......#..#
#..JK...#...........
+#r.hh@..#......#..#.
.......h..#...........
..........#....########
.............##........
####+#.......#.........
..........#.........
...........+.........
......##...#.........
S..... +...#.....####


You could see an endoplasm, 3 jackals, a kobold and a rat.

Vanquished Creatures
  An endoplasm (D:1)
1 creature vanquished.

Notes
Turn   | Place    | Note
-------+----------+-------------------------------------------
     0 | D:1      | Hubjo the Gargoyle Earth Elementalist began the quest for
                  | the Orb.
     0 | D:1      | Reached XP level 1. HP: 10/10 MP: 3/3
    44 | D:1      | Slain by a kobold

Illustrated notes

Levels and vault maps discovered:
D:1:      amcnicky_arrival_double_pillar, layout_basic, columned_hall_lemuel

Action                   || total
-------------------------++-------
Melee: Unarmed           ||    10
 Cast: Sandblast         ||     1
Armor: Robe              ||     8
Dodge: Dodged            ||    11

Table legend: (Time is in decaauts)
 A = Elapsed time spent in this place.
 B = Non-inter-level travel time spent in this place.
 C = Inter-level travel time spent in this place.
 D = Time resting spent in this place.
 E = Time spent auto-exploring this place.
 F = Levels seen in this place.
 G = Mean time per level.
                   A        B        C        D        E       F      G
               +--------+--------+--------+--------+--------+-----+--------+
         Total |     44 |     44 |      0 |      0 |     29 |   1 |   44.0 |
       Dungeon |     44 |     44 |      0 |      0 |     29 |   1 |   44.0 |
               +--------+--------+--------+--------+--------+-----+--------+

Top non-repeatable levels by time:
     D:1: 44 daAuts
